 Dungeon Crawl Stone Soup version 0.21.1-1-g345015f (webtiles) character file.

30767 Lorn the Peltast (level 13, -21/117 HPs)
             Began as a Deep Dwarf Berserker on Mar 15, 2018.
             Was an Elder of Trog.
             Demolished by a white ugly thing (32 damage)
             ... on level 14 of the Dungeon.
             The game lasted 01:07:48 (14034 turns).

Lorn the Peltast (Deep Dwarf Berserker)            Turns: 14034, Time: 01:07:49

Health: -21/117    AC: 15    Str: 25    XL:     13   Next: 22%
Magic:  0/0        EV:  8    Int:  9    God:    Trog [****..]
Gold:   482        SH: 24    Dex: 16    Spells: 12/12 levels left

rFire    . . .     SeeInvis +   r - +2 flail (venom)
rCold    . . .     Gourm    .   C - +3 large shield of Luapt {+Inv rN+ Stlth-}
rNeg     + . .     Faith    .   y - +4 chain mail of Demons {rCorr Dex+4}
rPois    +         Spirit   .   (no helmet)
rElec    .         Reflect  .   (no cloak)
rCorr    +         Harm     .   (no gloves)
MR       +....                  (no boots)
Stlth    ..........             v - amulet of rage
HPRegen  0.00/turn              q - ring of see invisible
MPRegen  0.07/turn              z - ring of poison resistance

@: berserk cooldown, non-regenerating, slowed, very slow
A: damage resistance, heal wounds, sense surroundings 2, no regeneration
a: Heal Wounds, Berserk, Trog's Hand, Brothers in Arms, Burn Spellbooks,
Renounce Religion, Evoke Berserk Rage, Evoke Invisibility


You were on level 14 of the Dungeon.
You worshipped Trog.
Trog was greatly pleased with you.
You were not hungry.

You visited 2 branches of the dungeon, and saw 15 of its levels.

You collected 779 gold pieces.
You spent 297 gold pieces at shops.

Inventory:

Hand Weapons
 a - a +1 mace of draining
 d - a +1 shortbow of freezing
 r - a +2 flail of venom (weapon)
 x - a cursed +0 war axe
 B - a +0 hand crossbow
Missiles
 M - 2 steel tomahawks (quivered)
Armour
 y - the +4 chain mail of Demons (worn) {rCorr Dex+4}
   (You found it on level 6 of the Dungeon)

   It affects your dexterity (+4).
   It protects you from acid and corrosion.
 C - the +3 large shield of Luapt (worn) {+Inv rN+ Stlth-}
   (You bought it in a shop on level 8 of the Dungeon)

   It protects you from negative energy.
   It lets you turn invisible.
   It makes you less stealthy.
 J - a +1 plate armour
Jewellery
 q - a ring of see invisible (left hand)
 v - an amulet of rage (around neck)
 z - a ring of poison resistance (right hand)
 O - an uncursed ring of magical power {unknown}
Wands
 b - a wand of acid (11)
 k - a wand of iceblast (9)
 m - a wand of flame (49)
 L - a wand of random effects (11)
Scrolls
 e - 11 scrolls of teleportation
 f - 3 scrolls of fog
 g - 3 scrolls of enchant weapon
 j - 3 scrolls of amnesia
 s - 7 scrolls of remove curse
 u - a scroll of identify
 H - a scroll of blinking
 I - a scroll of fear
Potions
 h - 2 potions of mutation
 i - 6 potions of lignification
 l - 5 potions of degeneration
 n - 2 potions of heal wounds
 o - 2 potions of curing
 p - 4 potions of haste
 t - a potion of resistance {unknown}
 w - 5 potions of brilliance
 D - 2 potions of might
 E - 2 potions of agility
 F - a potion of flight {unknown}
 G - a potion of ambrosia {unknown}
 Q - a potion of berserk rage {unknown}
Comestibles
 c - 27 rations


   Skills:
 + Level 8.2 Fighting
 + Level 5.7(10.0) Axes
 + Level 11.6(12.0) Maces & Flails
 + Level 9.9 Armour
 - Level 2.3 Dodging
 + Level 0.3 Stealth
 * Level 15.3 Shields


You had 12 spell levels left.
You didn't know any spells.

Dungeon Overview and Level Annotations

Branches:
Dungeon (14/15)            Temple (1/1) D:4            Lair (0/6) D:11
    Orc (0/2) D:10         Vaults (0/5) D:13

Altars:
Ashenzari
Cheibriados
Dithmenos
Elyvilon
Fedhas
Gozag
Hepliaklqana
Kikubaaqudgha
Makhleb
Nemelex Xobeh
Okawaru
Qazlal
Ru
Sif Muna
Trog
Uskayaw
Vehumet
Wu Jian
Xom
Yredelemnul
Zin
The Shining One

Shops:
D:8 [   D:9 *%*:

Annotations:
D:10 ЩАХТЫ
D:11 ЛОГОВА ЗВЕРЕЙ
D:13 ХРАНИЛИЩА (сокровища)


Innate Abilities, Weirdness & Mutations

You are resistant to damage.
You can heal yourself by infusing magical energy.
You passively map the area around you.
You do not regenerate.


Message History

The white ugly thing is severely wounded.
The white ugly thing tentacle-slaps you!
The white ugly thing freezes you!!
You hit the white ugly thing.
The white ugly thing is almost dead.
You block the white ugly thing's attack. x2
Things that are here:
4 large rocks; a cyclops corpse; a bullfrog corpse Butcher a bullfrog corpse? [(y)es/(c)hoosy/(n)o/(a)ll/(e)dible/(q)uit/?]
You butcher the bullfrog corpse.
The white ugly thing tentacle-slaps you.
You stop butchering the corpse.
The white ugly thing freezes you!!
* * * LOW HITPOINT WARNING * * *
You block the white ugly thing's attack.
You don't have enough innate magic capacity.
Your two-headed ogre goes berserk!
You feel quite a bit more hungry.
The white ugly thing tentacle-slaps you.
The white ugly thing freezes you!!
You die...

, .., ,,,,, *
# .# , * * ,
$# .. , ,, ,
, *,** , .#.,
* , * , , ...
, , ,, , *#.#
* * ,,, *, **
#O# *, * , ,
, , , #u# , #
#@# * *,
#.##.#######
* * *,
#..<(.......,
*
####.#######
* * #.# ,,
#.# * #.#* *
* *, * #.., ,
* ###*** ,


You could see a white ugly thing and a friendly two-headed ogre (berserk).

Vanquished Creatures
  Agnes (D:14)
  The ghost of soepske the Fighter, a journeyman DsFi of Okawaru (D:13)
  2 hydras
  A vault guard (D:13)
  A death knight (D:14)
  A two-headed ogre (D:9)
  The ghost of
  1994 the Skirmisher, a novice OpBe of Trog (D:7)
  2 wizards (D:13)
  3 unseen horrors
  3 necromancers (D:13)
  7 ugly things
  A cyclops (D:14)
  2 manticores
  2 gargoyles
  A kobold demonologist (D:12)
  A redback zombie (D:12)
  3 trolls
  3 hippogriffs
  A slime creature (D:14)
  A vampire (D:13)
  A wraith (D:11)
  A wyvern (D:12)
  5 yaks
  8 humans (D:13)
  A hungry ghost (D:5)
  Edmund (D:5)
  3 wargs
  3 vampire mosquitoes
  The ghost of Terandir the Digger, an amateur DEEE (D:3)
  3 water moccasins
  A black bear (D:6)
  4 phantoms
  4 orc warriors
  An ice beast (D:7)
  5 sky beasts
  An eye of draining (D:10)
  4 ogres
  A crocodile (D:12)
  3 centaurs
  3 big kobolds
  7 bullfrogs
  A water moccasin skeleton (D:5)
  6 killer bees
  5 wights
  7 howler monkeys
  4 crimson imps
  A bullfrog zombie (D:7)
  2 centaur zombies
  6 jellies
  2 bullfrog skeletons
  9 orc priests
  6 centaur skeletons
  3 hounds
  5 orc wizards
  Jessica (D:2)
  6 iguanas
  12 worker ants
  A killer bee zombie (D:7)
  A hound skeleton (D:10)
  A worker ant zombie (D:7)
  8 gnolls
  A river rat (D:6)
  20 adders
  3 shadow imps
  10 oozes
  2 adder skeletons (D:5)
  4 worms
  11 dart slugs
  3 leopard geckos
  24 orcs
  13 giant cockroaches
  8 hobgoblins
  17 jackals
  3 quokkas
  10 ball pythons
  10 bats
  6 frilled lizards
  6 goblins
  14 kobolds
  11 rats
  4 fungi (D:3)
  A plant (D:8)
367 creatures vanquished.

Vanquished Creatures (collateral kills)
  The ghost of
  1994 the Cleaver, a journeyman OpBe of Trog (D:11)
  2 two-headed ogres
  A wizard (D:13)
  An ugly thing (D:13)
  A cyclops (D:12)
  A centaur zombie (D:11)
  2 centaur skeletons
  3 meliai (D:13)
  2 hippogriffs
  10 yaks
  10 humans (D:13)
  A warg (D:11)
  An acid dragon (D:11)
  A hornet zombie (D:12)
  An orc warrior (D:13)
  An ice beast (D:11)
  A centaur (D:12)
  A killer bee (D:12)
  2 wights (D:6)
  A crimson imp (D:11)
  A jelly (D:12)
  An orc priest (D:5)
  An orc wizard (D:5)
  An adder (D:6)
  An adder skeleton (D:5)
  2 orcs
  2 jackals (D:6)
53 creatures vanquished.

Vanquished Creatures (others)
  A plant (D:10)
1 creature vanquished.

Grand Total: 421 creatures vanquished

Notes
Turn   | Place    | Note
-------+----------+-------------------------------------------
     0 | D:1      | Lorn the Deep Dwarf Berserker began the quest for the Orb.
     0 | D:1      | Reached XP level 1. HP: 20/20 MP: 1/1
     1 | D:1      | Found a runed door.
   120 | D:1      | Reached XP level 2. HP: 9/27 MP: 2/2
   650 | D:1      | Found a sparkling altar of Nemelex Xobeh.
  1009 | D:1      | Reached XP level 3. HP: 33/34 MP: 3/3
  1033 | D:1      | Reached ** piety under Trog
  1044 | D:1      | Reached XP level 4. HP: 37/42 MP: 4/4
  1361 | D:2      | Found an ornate altar of the Wu Jian Council.
  1365 | D:2      | Noticed Jessica
  1379 | D:2      | Killed Jessica
  1379 | D:2      | Reached XP level 5. HP: 45/50 MP: 5/5
  1430 | D:2      | Reached *** piety under Trog
  1809 | D:3      | Noticed Terandir's ghost (amateur DEEE)
  1825 | D:3      | Killed Terandir's ghost
  1825 | D:3      | Reached skill level 5 in Axes
  1825 | D:3      | Reached XP level 6. HP: 54/57 MP: 6/6
  2062 | D:3      | Found a shadowy altar of Dithmenos.
  2931 | D:4      | Found a sparkling altar of Nemelex Xobeh.
  3275 | D:4      | Reached **** piety under Trog
  3599 | D:4      | Reached skill level 5 in Armour
  3816 | D:4      | Found a staircase to the Ecumenical Temple.
  3827 | Temple   | Entered the Ecumenical Temple
  4107 | D:4      | Found a hazy altar of Hepliaklqana.
  4435 | D:5      | Entered Level 5 of the Dungeon
  4445 | D:5      | Reached XP level 7. HP: 32/66 MP: 7/7
  4449 | D:5      | Reached skill level 1 in Maces & Flails
  4451 | D:5      | Reached skill level 1 in Shields
  4576 | D:5      | Found a shimmering altar of Xom.
  4600 | D:5      | Reached skill level 2 in Shields
  4852 | D:5      | Found a snail-covered altar of Cheibriados.
  4896 | D:5      | Reached skill level 5 in Fighting
  5157 | D:5      | Noticed Edmund
  5179 | D:5      | Killed Edmund
  5179 | D:5      | Reached XP level 8. HP: 54/74 MP: 7/7
  5393 | D:5      | Found a large runed door.
  5393 | D:5      | Found a large runed door.
  5400 | D:5      | Found a large runed door.
  5400 | D:5      | Found a large runed door.
  5455 | D:5      | Reached skill level 3 in Shields
  5961 | D:6      | Reached skill level 5 in Maces & Flails
  6044 | D:6      | Reached skill level 4 in Shields
  6107 | D:6      | Gained mutation: You passively map the area around you. [Deep Dwarf growth]
  6107 | D:6      | Reached XP level 9. HP: 28/82 MP: 7/7
  6381 | D:6      | Got an encrusted chain mail
  6392 | D:6      | Identified the +4 chain mail of Demons {rCorr Dex+4} (You found it on level 6 of the Dungeon)
  6512 | D:6      | Found a glowing drain.
  6763 | D:7      | Noticed 1994's ghost (novice OpBe)
  6780 | D:7      | Killed 1994's ghost
  6780 | D:7      | Reached skill level 5 in Shields
  7840 | D:8      | Found Sanlil's Antique Armour Boutique.
  7869 | D:8      | Bought a steaming large shield for 247 gold pieces
  7881 | D:8      | Identified the +3 large shield of Luapt {+Inv rN+ Stlth-} (You bought it in a shop on level 8 of the Dungeon)
  7977 | D:8      | Reached skill level 6 in Shields
  8331 | D:9      | Found Keikumm's Assorted Antiques.
  8470 | D:9      | Noticed a two-headed ogre
  8478 | D:9      | Killed a two-headed ogre
  8478 | D:9      | Reached XP level 10. HP: 92/92 MP: 7/7
  8595 | D:9      | Found Lewoj's General Store.
  8618 | D:9      | Found Higutow's Food Shop.
  8630 | D:9      | Bought a ration for 50 gold pieces
  8755 | D:9      | Reached skill level 7 in Shields
  8804 | D:9      | Found Saujett's Book Boutique.
  9066 | D:10     | Entered Level 10 of the Dungeon
  9333 | D:10     | Reached skill level 8 in Shields
  9370 | D:10     | Found a staircase to the Orcish Mines.
  9490 | D:10     | Reached ***** piety under Trog
  9518 | D:11     | Noticed a cyan ugly thing
  9527 | D:11     | Killed a cyan ugly thing
  9529 | D:11     | Noticed a two-headed ogre
  9532 | D:11     | Killed a two-headed ogre
  9532 | D:11     | Reached skill level 9 in Shields
  9566 | D:11     | Found a staircase to the Lair.
  9608 | D:11     | Noticed a manticore
  9705 | D:11     | Noticed a four-headed hydra
  9715 | D:11     | Killed a four-headed hydra
  9715 | D:11     | Reached XP level 11. HP: 60/99 MP: 6/6
  9965 | D:11     | Noticed 1994's ghost (journeyman OpBe)
  9972 | D:11     | Killed 1994's ghost
  9972 | D:11     | Reached skill level 10 in Shields
 10115 | D:11     | Noticed an unseen horror
 10133 | D:11     | Killed an unseen horror
 10309 | D:12     | Noticed a two-headed ogre
 10313 | D:12     | Reached skill level 10 in Maces & Flails
 10327 | D:12     | Killed a two-headed ogre
 10327 | D:12     | Reached skill level 11 in Shields
 10520 | D:12     | Noticed a purple ugly thing
 10541 | D:12     | Killed a purple ugly thing
 11014 | D:12     | Noticed a purple ugly thing
 11034 | D:12     | Killed a purple ugly thing
 11034 | D:12     | Reached skill level 12 in Shields
 11082 | D:12     | Noticed a red ugly thing
 11083 | D:12     | Noticed a green ugly thing
 11105 | D:12     | Killed a green ugly thing
 11126 | D:12     | Killed a green ugly thing
 11495 | D:13     | Noticed a green ugly thing
 11509 | D:13     | Killed a green ugly thing
 11509 | D:13     | Reached XP level 12. HP: 109/109 MP: 3/3
 11814 | D:13     | Reached skill level 13 in Shields
 12189 | D:13     | Noticed soepske's ghost (journeyman DsFi)
 12210 | D:13     | Killed soepske's ghost
 12636 | D:13     | Reached skill level 14 in Shields
 12748 | D:13     | Found a gate to the Vaults.
 12748 | D:13     | Noticed a vault guard
 12768 | D:13     | Killed a vault guard
 13896 | D:14     | Noticed a seven-headed hydra
 13912 | D:14     | Killed a seven-headed hydra
 13920 | D:14     | Reached XP level 13. HP: 82/117 MP: 1/1
 13953 | D:14     | Noticed Agnes
 13966 | D:14     | Reached skill level 15 in Shields
 13986 | D:14     | Killed Agnes
 14034 | D:14     | Demolished by a white ugly thing

Skill      XL: |  1  2  3  4  5  6  7  8  9 10 11 12 13 |
---------------+----------------------------------------+-----
Fighting       | 3 4 5 6 7 8 |  8.2
Armour         | 3 4 5 6 8 9 |  9.9
Axes           | 4 5 |  5.7
Maces & Flails | 3 5 8 9 10 11 | 11.6
Shields        | 2 4 6 9 12 14 15 | 15.3
Dodging        | |  2.3
Stealth        | |  0.3

Action                   |  1- 3 |  4- 6 |  7- 9 | 10-12 | 13-15 || total
-------------------------+-------+-------+-------+-------+-------++-------
Melee: Hand axe          |   112 |   300 |       |       |       ||   412
       Flail             |       |    35 |   439 |   745 |    80 ||  1299
Throw: Tomahawk          |       |       |       |       |     1 ||     1
Invok: Berserk           |     1 |     4 |     7 |     8 |     1 ||    21
       Brothers in Arms  |       |       |     3 |    13 |     3 ||    19
       Trog's Hand       |       |       |     2 |       |       ||     2
       Burn Spellbooks   |       |       |     1 |     3 |       ||     4
 Abil: Heal Wounds       |     2 |     7 |    18 |    30 |     5 ||    62
  Use: Scroll            |       |       |    14 |     7 |       ||    21
       Potion            |       |       |       |     6 |       ||     6
 Stab: Sleeping          |       |     1 |       |       |       ||     1
  Eat: Chunk             |       |    14 |    22 |    15 |       ||    51
       Ration            |       |     1 |       |     6 |       ||     7
Armor: Animal skin       |    37 |    11 |       |       |       ||    48
       Ring mail         |       |    74 |       |       |       ||    74
       Scale mail        |       |    33 |   115 |       |       ||   148
       Chain mail        |       |       |    77 |   242 |     4 ||   323
Dodge: Dodged            |    88 |   230 |   219 |   148 |     7 ||   692
Block: Buckler           |       |     1 |   107 |       |       ||   108
       Large shield      |       |       |    42 |   964 |    77 ||  1083
